 Dungeon Crawl Stone Soup version 0.25-a0-729-g14964f1db5 (webtiles) character file.

Game seed: 10787666234682487700, levelgen mode: deterministic

53214 Fukker the Grim Reaper (level 14, -2/111 HPs)
             Began as a Demonspawn Fighter on Apr 7, 2020.
             Was the Champion of Yredelemnul.
             Slain by a minotaur
             ... wielding the cursed +1 trident "Hellblazer" {drain, rN+ MR+ Int+3 Dex-4}
              (4 damage)
             ... in a Gauntlet.
             The game lasted 01:42:50 (25297 turns).

Fukker the Grim Reaper (Demonspawn Fighter)        Turns: 25297, Time: 01:42:51

Health: -2/111     AC: 21    Str: 21    XL:     14   Next: 30%
Magic:  0/33       EV:  9    Int: 10    God:    Yredelemnul [******]
Gold:   3195       SH:  3    Dex: 11    Spells: 13/13 levels left

rFire    + + +     SeeInvis .   b - +6 demon blade (flame)
rCold    . . .     Gourm    .   i - +0 buckler
rNeg     + . .     Faith    .   k - +2 chain mail {rPois}
rPois    +         Spirit   +   d - +0 helmet
rElec    .         Reflect  .   w - scarf {Spirit}
rCorr    .         Harm     .   (no gloves)
MR       +....     NoTele   +   Q - +0 pair of boots "Kukh" {rF+++ rN+ Regen+ Dex-2}
Stlth    +.........             T - amulet of the acrobat
HPRegen  0.68/turn              c - ring of magical power
MPRegen  0.23/turn              (no ring)

@: mighty, sanguine armour, studying Armour, heavily drained
A: claws 2, demonic guardian 1, nightstalker 3, sanguine armour 1
a: Recall Undead Slaves, Injury Mirror, Animate Dead, Drain Life, Enslave Soul,
Renounce Religion


You were in a Gauntlet.
You worshipped Yredelemnul.
Yredelemnul was exalted by your worship.
You were not hungry.

You visited 3 branches of the dungeon, and saw 21 of its levels.
You also visited: Gauntlet and Ice Cave.

You collected 3195 gold pieces.

Inventory:

Hand Weapons
 b - a +6 demon blade of flaming (weapon)
 y - the +11 hand axe "Etunog" {speed, *Rage Int+3 Dex+7}
   (You found it on level 1 of the Lair of Beasts)

   Attacks with this weapon are significantly faster.
   It affects your intelligence (+3).
   It affects your dexterity (+7).
   It may make you go berserk in combat.
 W - a +5 great sword of electrocution
Missiles
 e - 410 stones (quivered)
Armour
 d - a +0 helmet (worn)
 g - a +2 pair of boots
 i - a +0 buckler (worn)
 k - a +2 chain mail of poison resistance (worn)
 l - a +1 chain mail of magic resistance
 w - a scarf of spirit shield (worn)
 Q - the +0 pair of boots "Kukh" (worn) {rF+++ rN+ Regen+ Dex-2}
   (You found it in a Gauntlet)

   It affects your dexterity (-2).
   It renders you almost immune to fire.
   It protects you from negative energy.
   It increases your rate of regeneration.
Jewellery
 a - the ring "Zicith" {rPois rF- Str-5 SInv Stlth+}
   (You found it on level 8 of the Dungeon)

   [ring of see invisible]

   It affects your strength (-5).
   It makes you vulnerable to fire.
   It protects you from poison.
   It lets you see invisible.
   It makes you more stealthy.
 c - a ring of magical power (left claw)
 F - an uncursed ring of ice
 O - an uncursed ring of resist corrosion
 P - an uncursed ring of magical power
 R - an uncursed ring of protection from magic
 T - an amulet of the acrobat (around neck)
Wands
 z - a wand of random effects (37)
 B - a wand of disintegration (24)
 N - a wand of iceblast (8)
 V - a wand of flame (26)
Scrolls
 h - 12 scrolls of teleportation
 j - 4 scrolls of enchant armour
 r - 2 scrolls of fear
 s - 2 scrolls of blinking
 t - a scroll of summoning {unknown}
 u - a scroll of magic mapping
 E - a scroll of holy word {unknown}
 H - 6 scrolls of remove curse
 J - 2 scrolls of immolation
 L - 2 scrolls of enchant weapon
 M - 2 scrolls of fog
Potions
 o - 5 potions of stabbing
 q - a potion of resistance
 v - a potion of cancellation
 C - 2 potions of curing
 D - 2 potions of lignification
 G - 3 potions of mutation
 Y - 2 potions of haste
 Z - 2 potions of flight
Books
 m - a manual of Armour
Miscellaneous
 n - a box of beasts
 K - a phantom mirror
Comestibles
 f - 22 rations


   Skills:
 + Level 10.5(7.1) Fighting
   Level 0.1(4.4) Short Blades
 + Level 11.7(8.2) Long Blades
 + Level 1.5(1.8) Axes
   Level 6.0(3.1) Maces & Flails
   Level 3.4(0.8) Polearms
 + Level 2.6(0.0) Throwing
 * Level 11.8(8.3) Armour
 + Level 6.5(3.5) Dodging
 - Level 2.0(0.0) Stealth
 * Level 4.4(1.5) Shields
 + Level 14.0(10.4) Invocations
 - Level 4.3(1.4) Evocations


You had 13 spell levels left.
You didn't know any spells.
Your spell library contained the following spells:

 Spells                   Type           Power        Failure   Level  Hunger
 Summon Small Mammal      Summ           #...         98%         1    ##.....
 Call Imp                 Summ           #.......     99%         2    ###....
 Call Canine Familiar     Summ           #.......     100%        3    ####...
 Summon Guardian Golem    Hex/Summ       #.......     100%        3    ####...
 Summon Ice Beast         Ice/Summ       #.......     100%        4    #####..
 Summon Lightning Spire   Summ/Air       #.......     100%        4    #####..


Dungeon Overview and Level Annotations

Branches:
Dungeon (13/15)            Temple (0/1) D:5            Lair (6/6) D:11
 Shoals (0/4) Lair:4       Spider (0/4) Lair:3        Slime (0/5) Lair:6
    Orc (2/2) D:11            Elf (0/3) Orc:2         IceCv (visited)
Gauntlet (1/1)
 Vaults: D:13-14

Altars:
Ashenzari
Dithmenos
Elyvilon
Fedhas
Kikubaaqudgha
Makhleb
Nemelex Xobeh
Sif Muna
Vehumet
Wu Jian
Yredelemnul
The Shining One
Beogh
Jiyva

Shops:
D:10 (   Orc:2 (%[:(

Annotations:
Gauntlet 2 transporters


Innate Abilities, Weirdness & Mutations

You have very sharp fingernails.
A weak demonic guardian rushes to your aid.
You are completely attuned to the shadows.
When seriously injured, your bleeding wounds create armour. (AC +6)


Message History

The minotaur is almost dead.
You block the minotaur's attack. x2
The minotaur blocks your attack.
The minotaur is almost dead.
The minotaur hits you with the cursed +1 trident "Hellblazer" {drain, rN+ MR+ Int+3 Dex-4}!
* * * LOW HITPOINT WARNING * * *
You partially resist.
You feel drained.
The minotaur gores you but does no damage.
Okay, then.
Evoke which item? (* to show all) (? for menu, Esc to quit)
Aiming: Disintegrate
Press: ? - help, Shift-Dir - straight line, f/p - minotaur
Aim: a minotaur, wielding the +1 trident "Hellblazer" {drain, rN+ MR+ Int+3 Dex-4}, wearing the +5 plate armour "Fufoh" {Str+4}, wearing the +2 tower shield of Hadjma {+Blink Regen+ MP-9 SInv} and quivering 10 javelins (almost dead, chance to defeat MR: 0%)
Okay, then.
Unknown command.
The minotaur blocks your attack.
The minotaur is almost dead.
The minotaur hits you with the cursed +1 trident "Hellblazer" {drain, rN+ MR+ Int+3 Dex-4}.
You die...
Your body rises from the dead as a mindless zombie.

..#.©.# .#
..#...###.
..#.©.#..
..#...#.# ##
.
..#.©.#.#...
.
♣.#.(..@H...
#
..#.♣.###.##
# . #....
... . #.♣.##
## # #...# #
. ######.P.
.....#...


You could see a minotaur.

Vanquished Creatures
  An orc warlord (Orc:1)
  3 hydras
  A catoblepas (Gauntlet)
  A two-headed ogre (D:11)
  4 orc high priests (Orc:2)
  An orc knight (Orc:2)
  3 ugly things
  An orc sorcerer (Orc:2)
  4 oklob plants (Lair:3)
  A cyclops (Orc:2)
  6 elephants
  A moth of wrath (Gauntlet)
  A black mamba (Lair:5)
  2 ice statues (IceCv)
  A molten gargoyle (Gauntlet)
  2 gargoyles
  5 spiny frogs
  A kobold demonologist (D:10)
  A rime drake (D:12)
  4 komodo dragons
  2 merfolk (Lair:4)
  A polar bear (Lair:3)
  4 jumping spiders (Lair:3)
  2 trolls
  Grinder (D:3)
  3 blink frogs (Lair:5)
  A slime creature (D:12)
  7 dream sheep (Lair:6)
  8 hippogriffs
  A centaur simulacrum (D:12)
  2 redbacks (Lair:3)
  7 spriggans (Lair:2)
  2 wyverns
  14 yaks
  A wraith (D:10)
  A hungry ghost (D:12)
  A basilisk (Lair:5)
  4 soldier ants (D:13)
  2 wargs (Orc:2)
  6 water moccasins
  3 porcupines
  2 slaves (D:7)
  A floating eye (Lair:3)
  7 ice beasts
  11 orc warriors
  3 black bears
  A sky beast (D:8)
  5 phantoms
  12 wolves
  3 centaurs
  An eye of draining (D:5)
  4 ogres
  4 crocodiles
  A big kobold (D:9)
  13 bullfrogs
  A scorpion (D:8)
  3 killer bees
  6 wights
  2 electric eels (Lair:5)
  2 howler monkeys
  6 crimson imps
  A bullfrog zombie (D:12)
  21 orc priests
  3 bullfrog skeletons
  6 hounds
  8 jellies
  24 orc wizards
  A centaur skeleton (D:7)
  2 gnoll shamans
  Terence (D:3)
  3 iguanas
  9 worker ants
  A hound skeleton (D:8)
  2 worker ant zombies
  Robin (D:2)
  8 adders
  16 gnolls
  A howler monkey skeleton (D:4)
  2 adder skeletons
  7 worms
  A dart slug (D:3)
  6 leopard geckos
  62 orcs
  2 ball pythons
  7 giant cockroaches
  12 goblins
  6 hobgoblins
  13 jackals
  3 quokkas
  13 bats
  5 frilled lizards
  A jackal zombie (D:4)
  13 kobolds
  An orc skeleton (Orc:2)
  A quokka skeleton (D:4)
  10 rats
  A plant (Lair:3)
479 creatures vanquished.

Vanquished Creatures (collateral kills)
  3 hydras
  Harold (D:11)
  3 two-headed ogres
  A queen ant (D:13)
  A tengu warrior (D:13)
  4 death yaks (Lair:4)
  3 orc high priests (Orc:2)
  Urug (Lair:3)
  Pikel (D:7)
  A cyclops (D:11)
  2 merfolk sirens (Lair:4)
  3 elephants (Lair:3)
  A black mamba (Lair:5)
  A gargoyle (D:11)
  A torpor snail (Gauntlet)
  2 spiny frogs
  3 rime drakes
  A kobold demonologist (D:10)
  2 komodo dragons
  2 jumping spiders (Lair:3)
  A troll (D:9)
  A blink frog (Lair:5)
  2 hippogriffs
  A spriggan (Lair:2)
  A shadow (D:10)
  A redback (Lair:3)
  16 yaks
  2 wyverns
  2 basilisks
  A steam dragon (Lair:2)
  5 wargs (Orc:2)
  An acid dragon (D:13)
  2 porcupines
  14 soldier ants (D:13)
  3 water moccasins
  12 orc warriors
  3 ice beasts
  2 slaves (D:7)
  3 ogres
  8 wolves
  2 crocodiles
  2 big kobolds (D:10)
  5 bullfrogs
  A wyvern zombie (D:13)
  2 scorpions
  3 killer bees
  3 wights (D:10)
  An electric eel (Lair:5)
  A howler monkey (D:13)
  2 bullfrog zombies (D:11)
  2 centaur zombies
  3 jellies (D:11)
  A hound (D:11)
  A gnoll shaman (Orc:1)
  11 orc priests
  9 worker ants
  2 iguanas
  12 orc wizards
  A hound skeleton (D:11)
  4 gnolls
  2 adders
  2 shadow imps
  An adder skeleton (D:8)
  3 leopard geckos
  42 orcs
  A giant cockroach (D:3)
  3 goblins (D:2)
  4 hobgoblins
  3 quokkas
  A bat (D:3)
  3 kobolds
  18 fungi
  20 plants
289 creatures vanquished.

Vanquished Creatures (others)
  A spectral dwarf (Lair:6)
  A skeletal warrior (Lair:6)
  A flayed ghost (Lair:4)
  A phantasmal warrior (D:12)
  A redback zombie (Lair:3)
  A jumping spider zombie (Lair:3)
  14 flying skulls
  A wraith (Orc:2)
  2 vampires
  A two-headed ogre skeleton (D:12)
  A dream sheep zombie (Lair:6)
  A blink frog zombie (Lair:5)
  A dream sheep skeleton (Lair:6)
  A water moccasin zombie (Lair:6)
  2 yak zombies (Lair:4)
  A wolf zombie (Lair:4)
  A wolf skeleton (Lair:4)
  A centaur zombie (D:11)
  A bullfrog zombie (D:8)
  An orc wizard (D:11)
  A killer bee zombie (D:11)
  A mummy (Orc:2)
  A howler monkey zombie (D:9)
  A steam dragon zombie (Lair:2)
  A scorpion zombie (D:5)
  4 orc skeletons
  20 orc zombies
  An iguana skeleton (D:9)
  A gnoll zombie (D:8)
  A jackal skeleton (D:9)
  A jackal zombie (D:9)
  3 kobold zombies (D:9)
  A quokka zombie (D:9)
  6 fungi
  6 plants
84 creatures vanquished.

Grand Total: 852 creatures vanquished

Notes
Turn   | Place    | Note
-------+----------+-------------------------------------------
     0 | D:1      | Fukker the Demonspawn Fighter began the quest for the Orb.
     0 | D:1      | Reached XP level 1. HP: 18/18 MP: 1/1
    99 | D:1      | Gained mutation: A weak demonic guardian rushes to your
                  | aid. [demonic ancestry]
    99 | D:1      | Reached XP level 2. HP: 20/24 MP: 2/2
  1278 | D:2      | Found a basalt altar of Yredelemnul.
  1324 | D:2      | Gained mutation: You have sharp fingernails. [demonic
                  | ancestry]
  1324 | D:2      | Reached XP level 3. HP: 14/29 MP: 3/3
  1546 | D:2      | Noticed Robin
  1600 | D:2      | Killed Robin
  1600 | D:2      | Reached skill level 1 in Stealth
  1778 | D:2      | Found a shadowy altar of Dithmenos.
  1934 | D:2      | Reached XP level 4. HP: 27/35 MP: 4/4
  2681 | D:2      | Became a worshipper of Yredelemnul the Dark
  3394 | D:3      | Reached XP level 5. HP: 32/41 MP: 5/5
  3507 | D:3      | Noticed Grinder
  3526 | D:3      | Killed Grinder
  3526 | D:3      | Reached skill level 1 in Throwing
  3526 | D:3      | Gained mutation: When seriously injured, your bleeding
                  | wounds create armour. (AC +6) [demonic ancestry]
  3526 | D:3      | Reached XP level 6. HP: 13/47 MP: 2/6
  3570 | D:3      | Reached skill level 5 in Long Blades
  3791 | D:3      | Reached * piety under Yredelemnul
  3825 | D:3      | Noticed Terence
  3838 | D:3      | Killed Terence
  4118 | D:3      | Found a glowing golden altar of the Shining One.
  4118 | D:3      | Found a sparkling altar of Nemelex Xobeh.
  4119 | D:3      | Reached skill level 1 in Evocations
  4204 | D:4      | Found a white marble altar of Elyvilon.
  4282 | D:4      | Gained mutation: You are slightly more attuned to the
                  | shadows. [demonic ancestry]
  4282 | D:4      | Reached XP level 7. HP: 41/52 MP: 6/8
  4533 | D:4      | Reached skill level 1 in Invocations
  4738 | D:4      | Found an ornate altar of the Wu Jian Council.
  4742 | D:4      | Found a transporter.
  4807 | D:4      | Found a transporter.
  5447 | D:5      | Entered Level 5 of the Dungeon
  5522 | D:5      | Reached skill level 2 in Invocations
  5572 | D:5      | Reached ** piety under Yredelemnul
  5761 | D:5      | Found a staircase to the Ecumenical Temple.
  5838 | D:5      | Reached skill level 3 in Invocations
  5847 | D:5      | Reached skill level 5 in Maces & Flails
  6051 | D:5      | Gained mutation: You are significantly more attuned to the
                  | shadows. [demonic ancestry]
  6051 | D:5      | Reached XP level 8. HP: 36/58 MP: 7/10
  6906 | D:6      | Reached skill level 1 in Polearms
  7039 | D:6      | Reached skill level 4 in Invocations
  7482 | D:6      | Reached skill level 5 in Invocations
  8171 | D:7      | Noticed Pikel
  8184 | D:7      | Killed Pikel
  8184 | D:7      | Reached skill level 6 in Invocations
  8184 | D:7      | Reached XP level 9. HP: 10/63 MP: 3/13
  8700 | D:7      | Reached *** piety under Yredelemnul
  8763 | D:7      | Reached skill level 7 in Invocations
  9359 | D:8      | Noticed a two-headed ogre
  9367 | D:8      | Killed a two-headed ogre
  9611 | D:8      | Found a radiant altar of Vehumet.
  9612 | D:8      | Found a burning altar of Makhleb.
  9649 | D:8      | Reached XP level 10. HP: 54/70 MP: 15/15
  9728 | D:8      | Found a shimmering blue altar of Sif Muna.
  9777 | D:8      | Got a pitted turquoise ring
  9779 | D:8      | Identified the ring "Zicith" {rPois rF- Str-5 SInv Stlth+}
                  | (You found it on level 8 of the Dungeon)
  9826 | D:8      | Found a blossoming altar of Fedhas.
  9877 | D:8      | Found a shattered altar of Ashenzari.
 10107 | D:9      | Reached **** piety under Yredelemnul
 10236 | D:9      | Received a gift from Yredelemnul (2 flying skulls)
 10252 | D:9      | Reached skill level 10 in Long Blades
 10451 | D:9      | Found an ancient bone altar of Kikubaaqudgha.
 10497 | D:9      | Identified a scroll of acquirement
 10607 | D:10     | Entered Level 10 of the Dungeon
 10764 | D:10     | Received a gift from Yredelemnul (5 flying skulls)
 10958 | D:10     | Found Lakhaser's Book Shoppe.
 11014 | D:10     | Noticed a smoke demon
 11016 | D:10     | Noticed a rust devil
 11017 | D:10     | Reached skill level 8 in Invocations
 11022 | D:10     | Reached skill level 1 in Dodging
 11023 | D:10     | Received a gift from Yredelemnul (a mummy)
 11243 | D:10     | Found Nennirog's Weapon Shop.
 11559 | D:11     | Noticed a two-headed ogre
 11563 | D:11     | Killed a two-headed ogre
 11563 | D:11     | Reached skill level 5 in Armour
 11563 | D:11     | Gained mutation: You are completely attuned to the shadows.
                  | [demonic ancestry]
 11563 | D:11     | Reached XP level 11. HP: 76/76 MP: 17/17
 11583 | D:11     | Received a gift from Yredelemnul (2 flying skulls)
 11602 | D:11     | Noticed Harold
 11606 | D:11     | Killed Harold
 11607 | D:11     | Identified the +1 crystal plate armour of the Swamp {Str+3
                  | Dex+3} (You acquired it on level 11 of the Dungeon)
 11626 | D:11     | Reached ***** piety under Yredelemnul
 11784 | D:11     | Found a staircase to the Orcish Mines.
 11824 | D:11     | Noticed a purple ugly thing
 11827 | D:11     | Killed a purple ugly thing
 11893 | D:11     | Found a roughly hewn altar of Beogh.
 11909 | D:11     | Found a staircase to the Lair.
 12123 | Orc:1    | Entered Level 1 of the Orcish Mines
 12450 | Orc:1    | Found a roughly hewn altar of Beogh.
 12566 | Orc:2    | Entered Level 2 of the Orcish Mines
 12586 | Orc:2    | Noticed an orc warlord
 12928 | Orc:1    | Killed an orc warlord
 13514 | Orc:2    | Found Huiler's Armour Shop.
 13726 | Orc:2    | Received a gift from Yredelemnul (a wraith)
 13759 | Orc:2    | Noticed an orc knight
 13785 | Orc:2    | Killed an orc knight
 13785 | Orc:2    | Reached skill level 10 in Armour
 14132 | Orc:2    | Received a gift from Yredelemnul (a vampire)
 14187 | Orc:2    | Noticed an orc high priest
 14191 | Orc:2    | Noticed a sixfirhy
 14191 | Orc:2    | Noticed an orc high priest
 14209 | Orc:2    | Killed an orc high priest
 14209 | Orc:2    | Reached skill level 9 in Invocations
 14227 | Orc:2    | Received a gift from Yredelemnul (a phantasmal warrior)
 14417 | Orc:2    | Killed an orc high priest
 14417 | Orc:2    | Enslaved an orc high priest
 14440 | Orc:2    | Noticed an orc high priest
 14443 | Orc:2    | Killed an orc high priest
 14443 | Orc:2    | Reached XP level 12. HP: 82/84 MP: 13/19
 14453 | Orc:2    | Found a roughly hewn altar of Beogh.
 14476 | Orc:2    | Noticed an orc high priest
 14477 | Orc:2    | Found Rutzonwon's Antique Weapon Shop.
 14477 | Orc:2    | Noticed an orc high priest
 14482 | Orc:2    | Killed an orc high priest
 14482 | Orc:2    | Reached skill level 10 in Invocations
 14483 | Orc:2    | Killed an orc high priest
 14537 | Orc:2    | Found Naysau's Book Emporium.
 14570 | Orc:2    | Noticed an orc high priest
 14577 | Orc:2    | Reached skill level 5 in Fighting
 14581 | Orc:2    | Killed an orc high priest
 14583 | Orc:2    | Reached skill level 11 in Invocations
 14588 | Orc:2    | Received a gift from Yredelemnul (a phantasmal warrior)
 14935 | Orc:2    | Found Tyehon's Food Shop.
 14935 | Orc:2    | Noticed an orc high priest
 14975 | Orc:2    | Noticed an orc high priest
 14979 | Orc:2    | Killed an orc high priest
 14982 | Orc:2    | Killed an orc high priest
 15263 | Orc:2    | Found Jijuigre's Weapon Emporium.
 15426 | Orc:2    | Found a staircase to the Elven Halls.
 15741 | D:12     | Noticed a two-headed ogre
 15746 | D:12     | Killed a two-headed ogre
 15765 | D:12     | Found a frozen archway.
 15771 | D:12     | Reached skill level 12 in Invocations
 15950 | IceCv    | Entered an ice cave
 16198 | IceCv    | Found a transporter.
 16371 | IceCv    | Found a transporter.
 16726 | D:12     | Found a viscous altar of Jiyva.
 16770 | D:12     | Noticed an eight-headed hydra
 16775 | D:12     | Killed an eight-headed hydra
 16795 | D:12     | Noticed Jorgrun
 16798 | D:12     | Received a gift from Yredelemnul (2 flying skulls)
 16800 | D:12     | HP: 1/91 [Jorgrun/+0 vorpal quarterstaff (5)]
 16806 | D:12     | Killed Jorgrun
 16806 | D:12     | Enslaved Jorgrun
 17606 | D:13     | Noticed a two-headed ogre
 17610 | D:13     | Killed a two-headed ogre
 17618 | D:13     | Noticed a tengu warrior
 17624 | D:13     | Noticed a four-headed hydra
 17625 | D:13     | Received a gift from Yredelemnul (3 flying skulls)
 17628 | D:13     | Killed a tengu warrior
 17628 | D:13     | Reached skill level 5 in Dodging
 17630 | D:13     | Reached skill level 13 in Invocations
 17630 | D:13     | Noticed a queen ant
 17631 | D:13     | Killed a four-headed hydra
 17634 | D:13     | Killed a queen ant
 17634 | D:13     | Gained mutation: You have very sharp fingernails. [demonic
                  | ancestry]
 17634 | D:13     | Reached XP level 13. HP: 75/98 MP: 6/22
 17646 | D:13     | Received a gift from Yredelemnul (a skeletal warrior)
 17648 | D:13     | Noticed an entropy weaver
 17789 | Lair:1   | Entered Level 1 of the Lair of Beasts
 18045 | Lair:1   | Got a warped hand axe
 18046 | Lair:1   | Identified the +11 hand axe "Etunog" {speed, *Rage Int+3
                  | Dex+7} (You found it on level 1 of the Lair of Beasts)
 19116 | Lair:2   | Received a gift from Yredelemnul (a vampire)
 19153 | Lair:2   | Reached skill level 1 in Axes
 19309 | Lair:2   | Reached ****** piety under Yredelemnul
 20202 | Lair:3   | Received a gift from Yredelemnul (a vampire)
 20217 | Lair:3   | Found a hole to the Spider Nest.
 20572 | Lair:3   | Noticed Urug
 20579 | Lair:3   | Killed Urug
 20761 | Lair:3   | Paralysed by a floating eye for 3 turns
 20771 | Lair:3   | Paralysed by a floating eye for 4 turns
 21701 | Lair:4   | Received a gift from Yredelemnul (a flayed ghost)
 21723 | Lair:4   | Found a staircase to the Shoals.
 22099 | Lair:4   | You fall into a shaft and drop 1 floor!
 22516 | Lair:4   | Received a gift from Yredelemnul (a flayed ghost)
 22711 | Lair:4   | Reached skill level 10 in Fighting
 23437 | Lair:5   | Reached XP level 14. HP: 87/110 MP: 24/24
 23735 | Lair:5   | Reached skill level 14 in Invocations
 24309 | Lair:6   | Entered Level 6 of the Lair of Beasts
 24393 | Lair:6   | Found a gate leading to a gauntlet.
 24406 | Lair:6   | Your ally Jorgrun died
 24421 | Gauntlet | Entered a Gauntlet
 24421 | Gauntlet | Found a transporter.
 24790 | Gauntlet | Found a transporter.
 24802 | Gauntlet | Found a transporter.
 24976 | Gauntlet | Found a transporter.
 25050 | Gauntlet | Found a transporter.
 25050 | Gauntlet | Found a transporter.
 25056 | Gauntlet | Found a transporter.
 25117 | Gauntlet | Found a runed translucent gate.
 25117 | Gauntlet | Found a runed translucent gate.
 25117 | Gauntlet | Found a runed translucent gate.
 25119 | Gauntlet | Found a transporter.
 25188 | Gauntlet | Got a pair of steaming boots
 25199 | Gauntlet | Identified the +0 pair of boots "Kukh" {rF+++ rN+ Regen+
                  | Dex-2} (You found it in a Gauntlet)
 25258 | Gauntlet | Identified the cursed +1 trident "Hellblazer" {drain, rN+
                  | MR+ Int+3 Dex-4}
 25258 | Gauntlet | Identified the +5 plate armour "Fufoh" {Str+4}
 25258 | Gauntlet | Identified the +2 tower shield of Hadjma {+Blink Regen+
                  | MP-9 SInv}
 25296 | Gauntlet | HP: 1/111 [minotaur/the cursed +1 trident "Hellblazer"
                  | {drain, rN+ MR+ Int+3 Dex-4} (9)]
 25297 | Gauntlet | Slain by a minotaur

Levels and vault maps discovered:
D:1:      lightli_arrival_maybe_door_vault, layout_loops_corners
D:2:      layout_rooms, nicolae_overflow_hidden_temple, grunt_dithmenos_smoke,
          uniq_robin
D:3:      layout_rooms, gammafunk_temple_overflow_pools, grunt_ministairs_2,
          palyth_stone_intersect, minmay_circle_x, uniq_grinder, uniq_terence
D:4:      layout_basic, gammafunk_temple_overflow_arena, elyvilon_altar_5
D:5:      layout_basic, minmay_temple_entry_drinking_statues, first_ration,
          kennysheep_another_room
D:6:      layout_loops_corners
D:7:      layout_gridville, uniq_pikel
D:8:      layout_cave_pools, grunt_temple_overflow_lords_of_destruction,
          fedhas_altar_decomposition, kennysheep_little_box, basic_altar,
          serial_park, serial_park_tiny_1, serial_park_tiny_2,
          serial_park_tiny_2
D:9:      layout_rooms, marbit_many_paths
D:10:     layout_gridville, serial_shops, shop_statue, shop
D:11:     layout_rooms, lair_entry_dummy, minmay_orc_entry_temple_small,
          grunt_ogre_cave, uniq_harold
D:12:     layout_long_grid, portal_ice_cave_rime, jiyva_altar_1, uniq_jorgrun
D:13:     minmay_stepped, layout_basic, st_stairs_13, minivault_29
Lair:1:   layout_cave_shapes
Lair:2:   kb_forest_paths, layout_regular_city
Lair:3:   layout_layer_cave, nicolae_spider_entry_tight_spaces, minivault_26,
          disabler_island, serial_bayou_shore_b, lemuel_fruit_tree, uniq_urug
Lair:4:   layout_regular_city, elwin_shoals_entry_stream,
          infiniplex_staircase_pool_2
Lair:5:   layout_regular_city, grunt_megastairs_3, serial_bayou_shore_b,
          serial_bayou_shore_a, serial_bayou_shore_b
Lair:6:   minmay_lair_end_frog_pond, layout_concentric_octagons,
          nicolae_slime_entry_slimehenge, gauntlet_entry_generic,
          eino_small_chamber_without_monster
Orc:1:    layout_caves, basic_altar
Orc:2:    st_orc_town, layout_caves, serial_shops, shop
Gauntlet: minmay_gauntlet_77_tree [minmay_gauntlet_arena_77_museum,
          minmay_gauntlet_arena_77_box,
          minmay_gauntlet_arena_77_radiant_squares,
          minmay_gauntlet_arena_77_run_for_it, minmay_gauntlet_arena_77_mess,
          minmay_gauntlet_arena_77_mirror, minmay_gauntlet_arena_77_checkered,
          nicolae_gauntlet_exit_dead_adventurers]

Skill      XL: |  1  2  3  4  5  6  7  8  9 10 11 12 13 14 |
---------------+-------------------------------------------+-----
Long Blades    | 2 3 4 5 6 8 10 11 | 11.7
Stealth        | 1 2 |  2.0
Maces & Flails | 2 3 5 6 |  6.0
Throwing       | 1 2 |  2.6
Evocations     | 1 3 4 |  4.3
Invocations    | 3 6 7 8 9 13 14 | 14.0
Polearms       | 3 |  3.4
Armour         | 5 10 11 | 11.8
Dodging        | 1 3 5 6 |  6.5
Fighting       | 4 7 10 | 10.5
Axes           | 1 |  1.5
Shields        | 3 4 |  4.4
Short Blades   | |  0.1

Action                   |  1- 3 |  4- 6 |  7- 9 | 10-12 | 13-15 || total
-------------------------+-------+-------+-------+-------+-------++-------
Melee: Long sword        |    34 |       |       |       |       ||    34
       Dagger            |   289 |   208 |       |       |       ||   497
       Flail             |       |   104 |   135 |       |       ||   239
       Halberd           |       |       |    93 |       |       ||    93
       Great sword       |       |       |   193 |   533 |   166 ||   892
       Demon blade       |       |       |       |       |   297 ||   297
       Hand axe          |       |       |       |       |    12 ||    12
Throw: Stone             |     7 |    25 |     2 |    12 |     7 ||    53
       Dart              |       |       |     3 |     1 |     5 ||     9
Invok: Animate Remains   |       |       |     4 |       |       ||     4
       Animate Dead      |       |       |     3 |    21 |    11 ||    35
       Recall Undead Sla |       |       |       |     8 |     8 ||    16
       Enslave Soul      |       |       |       |     3 |       ||     3
       Drain Life        |       |       |       |     3 |     1 ||     4
       Stop Recall       |       |       |       |     1 |       ||     1
Evoke: Wand              |       |     6 |     3 |    17 |       ||    26
  Use: Scroll            |     1 |     2 |     6 |    13 |    10 ||    32
       Potion            |     3 |       |     2 |     8 |     4 ||    17
 Stab: Invisible         |       |       |     2 |       |       ||     2
       Sleeping          |       |       |    10 |    13 |     8 ||    31
       Distracted        |       |       |     3 |     8 |     8 ||    19
  Eat: Chunk             |     3 |     6 |    11 |    19 |    11 ||    50
       Ration            |       |     1 |     2 |     6 |     5 ||    14
Armor: Scale mail        |   166 |   139 |   178 |       |       ||   483
       Ring mail         |       |       |   129 |   121 |       ||   250
       Chain mail        |       |       |       |   271 |   258 ||   529
       Skin              |       |       |       |     9 |       ||     9
Dodge: Dodged            |    93 |   109 |   184 |   434 |   309 ||  1129
Block: Kite shield       |   157 |   154 |    59 |       |       ||   370
       Buckler           |       |       |       |       |    63 ||    63
       Rpst.: Long sword |     4 |       |       |       |       ||     4
       Great sword       |       |       |    27 |   139 |    37 ||   203
       Demon blade       |       |       |       |       |    37 ||    37

Table legend:
 A = Non-vault XP
 B = Vault XP
 C = Vault XP percentage of total XP
 D = Non-vault monster count
 E = Vault monster count
 F = Vault count percentage of total count
                 A         B        C        D         E       F
            +---------+---------+-------+---------+---------+-------
      Total |   49011 |   27009 |  35.5 |     530 |     195 |  26.9
            +---------+---------+-------+---------+---------+-------
        D:1 |      33 |       0 |   0.0 |      21 |       0 |   0.0
        D:2 |      53 |      48 |  47.5 |      20 |      20 |  50.0
        D:3 |     139 |     317 |  69.5 |      34 |       5 |  12.8
        D:4 |     320 |       2 |   0.6 |      24 |       2 |   7.7
        D:5 |     781 |       0 |   0.0 |      25 |       0 |   0.0
        D:6 |     834 |       1 |   0.1 |      14 |       1 |   6.7
        D:7 |     964 |     414 |  30.0 |      26 |       1 |   3.7
        D:8 |    1696 |      35 |   2.0 |      31 |       1 |   3.1
        D:9 |    2062 |       2 |   0.1 |      36 |       1 |   2.7
       D:10 |    2638 |       0 |   0.0 |      40 |       0 |   0.0
       D:11 |    2678 |    1710 |  39.0 |      28 |      12 |  30.0
       D:12 |    3298 |    1089 |  24.8 |      20 |       6 |  23.1
       D:13 |    2505 |    2811 |  52.9 |       8 |      27 |  77.1
     Lair:1 |     811 |       0 |   0.0 |       5 |       0 |   0.0
     Lair:2 |     950 |    3221 |  77.2 |       6 |      17 |  73.9
     Lair:3 |    4885 |    4477 |  47.8 |      21 |      15 |  41.7
     Lair:4 |    6174 |    1085 |  14.9 |      26 |       4 |  13.3
     Lair:5 |    5356 |     176 |   3.2 |      28 |       1 |   3.4
     Lair:6 |    5581 |       0 |   0.0 |      23 |       0 |   0.0
      Orc:1 |    2551 |       0 |   0.0 |      33 |       0 |   0.0
      Orc:2 |    4702 |    5204 |  52.5 |      61 |      56 |  47.9
      IceCv |       0 |    2571 | 100.0 |       0 |      10 | 100.0
   Gauntlet |       0 |    3846 | 100.0 |       0 |      16 | 100.0
            +---------+---------+-------+---------+---------+-------
